 Dungeon Crawl Stone Soup version 0.27-a0-406-g23f261fbd2 (webtiles) character file.

Game seed: 2888286162644974539

220756 dolemite99 the Scholar (level 19, -6/117 HPs)
             Began as a Gnoll Ice Elementalist on Feb 22, 2021.
             Was an Elder of Sif Muna.
             Mangled by an Executioner (22 damage)
             ... on level 2 of the Abyss on Feb 23, 2021.
             The game lasted 02:46:44 (79568 turns).

dolemite99 the Scholar (Gnoll Ice Elementalist)    Turns: 79568, Time: 02:46:45

Health: -6/117     AC: 18    Str:  8    XL:     19   Next: 18%
Magic:  4/28       EV: 15    Int: 23    God:    Sif Muna [****..]
Gold:   282        SH:  9    Dex:  8    Spells: 5/44 levels left

rFire    + . .     SeeInvis +   b - staff of poison
rCold    . . .     Faith    +   L - +3 buckler {rF+}
rNeg     . . .     Spirit   .   Q - +1 acid dragon scales
rPois    +         Reflect  .   t - +2 helmet
rElec    .         Harm     .   x - scarf {repulsion}
rCorr    +         Rampage  .   q - +2 pair of gloves
Will     ++...                  m - +2 pair of boots
Stlth    +++++.....             u - amulet of faith
HPRegen  0.29/turn              Y - ring of see invisible
MPRegen  0.21/turn              W - ring of willpower

@: hasted, studying Long Blades, repel missiles, very quick
A: distributed training, fangs 1, blurry vision 1[+2], clumsy 1[+1], [deformed
body], [deterioration 2], [frail 2], [low mp 2], wild magic 1, [no potion heal
2], strong nose
}: 1/15 runes: gossamer
a: Renounce Religion, Channel Magic, Forget Spell, Divine Exegesis


You were on level 2 of the Abyss.
You worshipped Sif Muna.
Sif Muna was greatly pleased with you.
You visited 6 branches of the dungeon, and saw 32 of its levels.
You visited the Abyss 1 time.

You collected 3235 gold pieces.
You spent 2953 gold pieces at shops.

Inventory:

Hand Weapons
 e - the +6 mace of Zekuw {vorpal, +Blink}
   (You found it on level 5 of the Dungeon)

   It inflicts extra damage upon your enemies.
   It lets you blink.
 r - a +1 demon trident of freezing
 v - a +4 broad axe of freezing
 w - a +3 vampiric rapier
Missiles
 B - 5 throwing nets
 I - 129 poisoned darts
 K - 57 boomerangs
 M - 50 javelins (quivered)
Armour
 m - a +2 pair of boots (worn)
 q - a +2 pair of gloves (worn)
 t - a +2 helmet (worn)
 x - a scarf of repulsion (worn)
 L - a +3 buckler of fire resistance (worn)
 Q - +1 acid dragon scales (worn)
 X - the +1 leather armour of Free Will {rPois}
   (You bought it in a shop on level 2 of the Orcish Mines)

   It protects you from poison.
Magical Staves
 b - a staff of poison (weapon)
 f - a staff of air
Jewellery
 d - an amulet of reflection
 j - a ring of protection from cold
 l - a ring of resist corrosion
 p - a ring of fire
 u - an amulet of faith (around neck)
 W - a ring of willpower (right hand)
 Y - a ring of see invisible (left hand)
Wands
 k - a wand of flame (17)
 s - a wand of mindburst (18)
 y - a wand of digging (7)
 O - a wand of iceblast (6)
 S - a wand of polymorph (7)
Scrolls
 g - a scroll of enchant weapon
 h - 9 scrolls of fog
 i - 18 scrolls of teleportation
 z - 14 scrolls of identify {@r1}
 G - 5 scrolls of magic mapping
 H - a scroll of fear
 R - a scroll of silence
 V - a scroll of blinking
Potions
 c - 3 potions of berserk rage
 o - a potion of magic
 A - 5 potions of flight
 C - 4 potions of attraction
 D - 2 potions of ambrosia
 E - 7 potions of curing
 F - 5 potions of cancellation
 J - a potion of resistance
 N - 5 potions of haste
 T - 5 potions of might
 U - 5 potions of brilliance
 Z - a potion of lignification
Miscellaneous
 a - a phial of floods (inert)
 P - a lightning rod (2/4)


   Skills:
 + Level 12.3 Fighting
 + Level 12.3 Short Blades
 + Level 12.6 Long Blades
 + Level 12.3 Axes
 + Level 12.3 Maces & Flails
 + Level 12.3 Polearms
 + Level 12.3 Staves
 + Level 12.3 Slings
 + Level 12.3 Bows
 + Level 12.3 Crossbows
 + Level 12.3 Throwing
 + Level 12.3 Armour
 + Level 13.0 Dodging
 + Level 12.9 Stealth
 + Level 12.3 Shields
 + Level 12.3 Unarmed Combat
 + Level 13.2 Spellcasting
 + Level 10.6 Conjurations
 + Level 10.6 Hexes
 + Level 10.6 Summonings
 + Level 10.6 Necromancy
 + Level 10.6 Translocations
 + Level 10.6 Transmutations
 + Level 10.6 Fire Magic
 + Level 12.4 Ice Magic
 + Level 10.6 Air Magic
 + Level 10.6 Earth Magic
 + Level 10.6 Poison Magic
 + Level 13.3 Invocations
 + Level 12.3 Evocations


You had 5 spell levels left.
You knew the following spells:

 Your Spells              Type           Power        Failure   Level
a - Sticky Flame          Conj/Fire      70%          1%          4
b - Summon Lightning Spi  Summ/Air       70%          1%          4
c - Bolt of Magma         Conj/Fire/Erth 35%          4%          5
d - Mephitic Cloud        Conj/Pois/Air  90%          1%          3
e - Cause Fear            Hex            35%          1%          4
f - Fireball              Conj/Fire      35%          4%          5
g - Summon Mana Viper     Hex/Summ       70%          4%          5
h - Freezing Cloud        Conj/Ice/Air   36%          14%         6
s - Animate Skeleton      Necr           100%         1%          1
z - Blink                 Tloc           N/A          1%          2

Your spell library contained the following spells:

 Spells                   Type           Power        Failure   Level
 Apportation              Tloc           100%         1%          1
 Corona                   Hex            77%          1%          1
 Foxfire                  Conj/Fire      100%         1%          1
 Freeze                   Ice            100%         1%          1
 Magic Dart               Conj           100%         1%          1
 Shock                    Conj/Air       100%         1%          1
 Summon Small Mammal      Summ           100%         1%          1
 Call Imp                 Summ           70%          1%          2
 Poisonous Vapours        Pois/Air       100%         1%          2
 Searing Ray              Conj           100%         1%          2
 Slow                     Hex            70%          1%          2
 Sublimation of Blood     Necr           35%          1%          2
 Swiftness                Air            70%          1%          2
 Call Canine Familiar     Summ           70%          1%          3
 Conjure Flame            Conj/Fire      70%          1%          3
 Dazzling Flash           Conj/Hex       100%         1%          3
 Frozen Ramparts          Ice            100%         1%          3
 Ignite Poison            Fire/Tmut/Pois 90%          1%          3
 Inner Flame              Hex/Fire       70%          1%          3
 Lesser Beckoning         Tloc           35%          1%          3
 Ozocubu's Armour         Ice            76%          1%          3
 Portal Projectile        Hex/Tloc       100%         1%          3
 Static Discharge         Conj/Air       70%          1%          3
 Stone Arrow              Conj/Erth      100%         1%          3
 Summon Guardian Golem    Hex/Summ       70%          1%          3
 Tukima's Dance           Hex            70%          1%          3
 Airstrike                Air            35%          1%          4
 Animate Armour           Summ/Erth      100%         1%          4
 Animate Dead             Necr           35%          1%          4
 Fulminant Prism          Conj/Hex       35%          1%          4
 Hailstorm                Conj/Ice       73%          1%          4
 Iskenderun's Mystic Bla  Conj/Tloc      70%          1%          4
 Leda's Liquefaction      Hex/Erth       35%          1%          4
 Petrify                  Tmut/Erth      70%          1%          4
 Summon Ice Beast         Ice/Summ       73%          1%          4
 Metabolic Englaciation   Hex/Ice        36%          3%          5
 Alistair's Intoxication  Tmut/Pois      60%          4%          5
 Borgnjor's Vile Clutch   Necr/Erth      35%          4%          5
 Irradiate                Conj/Tmut      35%          4%          5
 Iskenderun's Battlesphe  Conj           70%          4%          5
 Lightning Bolt           Conj/Air       35%          4%          5
 Silence                  Hex/Air        35%          4%          5
 Yara's Violent Unravell  Hex/Tmut       35%          4%          5
 Simulacrum               Ice/Necr       36%          13%         6
 Death Channel            Necr           35%          17%         6
 Eringya's Noxious Bog    Tmut/Pois      45%          17%         6
 Invisibility             Hex            70%          17%         6
 Iron Shot                Conj/Erth      35%          17%         6
 Starburst                Conj/Fire      35%          17%         6
 Statue Form              Tmut/Erth      46%          17%         6
 Ozocubu's Refrigeration  Ice            38%          38%         7
 Monstrous Menagerie      Summ           35%          65%         7
 Orb of Destruction       Conj           35%          65%         7
 Spellforged Servitor     Conj/Summ      35%          65%         7
 Chain Lightning          Conj/Air       35%          99%         8
 Discord                  Hex            35%          99%         8
 Shatter                  Erth           35%          100%        9
 Tornado                  Air            35%          100%        9


Dungeon Overview and Level Annotations

Branches:
Dungeon (15/15)              Lair (6/6) D:11         Shoals (3/4) Lair:4
 Spider (4/4) Lair:3        Slime (0/5) Lair:6          Orc (2/2) D:12
    Elf (0/3) Orc:2        Vaults (2/5) D:13         Depths (0/5) D:15
 Temple: D:4-7        Crypt: Vaults:2-3

Altars:
Ashenzari
Fedhas
Makhleb
Nemelex Xobeh
Qazlal
Sif Muna
Vehumet
Wu Jian
Xom
Zin

Shops:
D:5 :   D:7 !   D:12 *   D:14 !   Orc:2 [*[*   Vaults:1 ?

Annotations:
D:10 exclusion: 2 oklob plants
D:12 3 runed translucent doors, foci's ghost, journeyman GrFi
Shoals:2 2 transporters, exclusion: orange crystal statue
Spider:3 3 runed translucent doors, Plog's ghost, adept MiBe; Zonian's ghost, adept DsIE


Innate Abilities, Weirdness & Mutations

Your experience applies equally to all skills.
You have very sharp teeth.
Your uncanny sense of smell can sniff out nearby items.
Your spells are a little harder to cast, but a little more powerful.
[Scrolls take you much longer to read.]
[You are very clumsy. (Dex -4)]
[Armour fits poorly on your strangely shaped body.]
[Your body often deteriorates upon taking damage.]
[You are very frail. (-20% HP)]
[Your magical capacity is very low. (-20% MP)]
[Potions are poor at restoring your health.]


Message History

Confirm with . or Enter, or press ? or * to list all spells.
You blink.
The Executioner hits you! The Executioner barely misses you.
The Executioner closely misses you. The Executioner hits you!
* * * LOW HITPOINT WARNING * * *
The Executioner hits you but does no damage. x2
Your thrashing horror barely misses the Executioner.
Your thrashing horror completely misses the Executioner.
The Executioner hits you.
* * * LOW HITPOINT WARNING * * *
The Executioner hits you.
* * * LOW HITPOINT WARNING * * *
The Executioner hits you.
* * * LOW HITPOINT WARNING * * *
Casting: Blink (safe; 1% risk of failure)
Confirm with . or Enter, or press ? or * to list all spells.
You blink.
You block the Executioner's attack. The Executioner closely misses you.
The Executioner hits you but does no damage.
Casting: Blink (safe; 1% risk of failure)
Confirm with . or Enter, or press ? or * to list all spells.
You blink.
Found a potion of magic.
Found a gateway leading out of the Abyss.
Your system partially rejects the healing.
You feel better.
Casting: Blink (safe; 1% risk of failure)
Confirm with . or Enter, or press ? or * to list all spells.
You blink.
Really read with blurry vision while enemies are nearby?
You begin reading the scroll.
You continue reading the scroll.
The Executioner hits you but does no damage.
The Executioner hits you.
* * * LOW HITPOINT WARNING * * *
You block the Executioner's attack. The Executioner closely misses you.
The Executioner hits you!
* * * LOW HITPOINT WARNING * * *
The Executioner closely misses you.
You continue reading the scroll.
The Executioner hits you!!
You die...

# .## #...#
#.# ### ###
...# ∆ .###..#
#∩.... ..
...#...#
###1..#.##..
#@....#§###.
#.!...#####..#
# #..#.####
§..# #.#
######.# ..#
#.
###.#.X..#.#
#_#.#V. #.#.#
#8....### # #
# # *#.G..# ##
####. ##. .


You could see an Executioner (fast).

Vanquished Creatures
  Arachne (Spider:4)
  A tentacled monstrosity (Vaults:1)
  Asterion (Vaults:1)
  Gastronok (D:11)
  Polyphemus (Shoals:3)
  Ilsuiw (Shoals:2)
  An orc warlord (Orc:2)
  4 emperor scorpions
  4 ghost moths
  2 ironheart preservers (Vaults:1)
  A stone giant (Vaults:1)
  2 entropy weavers (Spider:2)
  Azrael (D:15)
  Nessos (Lair:4)
  3 spark wasps
  3 merfolk impalers
  2 merfolk javelineers (Shoals:2)
  A fire dragon (Vaults:1)
  2 yaktaur captains
  3 vault guards (Vaults:1)
  4 boulder beetles
  8 hydras
  4 catoblepae
  6 centaur warriors
  An ogre mage (Vaults:1)
  An alligator snapping turtle (Shoals:3)
  A merfolk avatar (Shoals:3)
  A death knight (Vaults:1)
  A satyr (Shoals:3)
  7 two-headed ogres
  3 death yaks (Lair:6)
  3 orc high priests (Orc:2)
  Urug (Lair:1)
  A deep elf knight (Vaults:1)
  2 unseen horrors
  3 sea snakes
  A glowing orange brain (Vaults:1)
  2 wizards
  4 harpies (Shoals:2)
  A necromancer (D:13)
  2 ironbrand convokers (Vaults:1)
  A lindwurm (Lair:2)
  A salamander (shapeshifter) (Vaults:1)
  5 ugly things
  4 fauns (Shoals:3)
  9 orb spiders
  3 orc sorcerers
  36 wolf spiders
  4 deep elf pyromancers
  6 manticores
  4 cyclopes
  4 moths of wrath
  3 elephants (Lair:6)
  A centaur zombie (D:12)
  A water nymph (Shoals:3)
  A merfolk siren (Shoals:2)
  2 vault sentinels (Vaults:1)
  5 black mambas
  4 centaur skeletons
  A torpor snail (Spider:2)
  A spriggan skeleton (D:15)
  Maggie (D:8)
  An efreet (D:11)
  A guardian mummy (D:15)
  3 rime drakes
  13 cane toads
  3 yaktaurs (Vaults:1)
  3 komodo dragons
  4 demonic crawlers
  3 freezing wraiths
  27 jumping spiders
  5 merfolk
  7 trolls
  A polar bear (Lair:6)
  3 hornets
  5 slime creatures
  2 dream sheep
  7 blink frogs
  A snapping turtle (Shoals:2)
  Prince Ribbit (D:5)
  23 tarantellas
  A centaur simulacrum (D:15)
  64 redbacks
  A tarantella (shapeshifter) (D:9)
  2 shadows (D:12)
  3 wyverns
  A yak (shapeshifter) (D:11)
  A vampire (D:9)
  3 water elementals
  4 wraiths
  43 yaks
  A fire elemental (D:15)
  A golden eye (shapeshifter) (D:15)
  2 golden eyes (Abyss:2)
  A steam dragon (Lair:4)
  4 basilisks
  A vampire mosquito (D:11)
  2 wargs
  2 soldier ants
  13 water moccasins
  2 hell hounds (D:15)
  An acid dragon (Lair:6)
  A swamp drake (Lair:6)
  12 orc warriors
  An ice beast (shapeshifter) (D:14)
  A sky beast (D:5)
  An ettin simulacrum (Vaults:1)
  2 black bears
  3 ice beasts
  14 centaurs
  An eye of draining (D:9)
  15 wolves
  13 ogres
  4 phantoms
  2 kobold brigands
  2 nameless horrors
  14 bullfrogs
  A wyvern zombie (D:9)
  A water moccasin zombie (D:7)
  A small abomination (Abyss:2)
  6 scorpions
  14 killer bees
  6 wights
  6 electric eels (D:5)
  A tengu skeleton (D:15)
  2 quasits
  2 bullfrog zombies
  4 hounds
  6 jellies
  18 orc priests
  4 bullfrog skeletons
  3 iguanas
  18 orc wizards
  6 worker ants
  3 hell rats (Lair:5)
  2 killer bee zombies
  2 human simulacra
  3 hound skeletons
  2 hound zombies
  2 gnolls
  7 adders
  3 white imps
  5 ufetubi
  An ooze (D:1)
  2 dart slugs
  7 leopard geckos
  49 orcs
  4 giant cockroaches
  21 goblins
  11 hobgoblins
  11 jackals
  26 kobolds
  6 quokkas
  6 bats
  6 frilled lizards
  A quokka zombie (D:7)
  6 rats
827 creatures vanquished.

Vanquished Creatures (collateral kills)
  2 ghost moths (Spider:4)
  An iron dragon (shapeshifter) (Vaults:1)
  A ghoul (Vaults:1)
  A stone giant (Vaults:1)
  3 entropy weavers (Spider:4)
  A spark wasp (Spider:4)
  An ettin (Vaults:1)
  A merfolk javelineer (Shoals:3)
  A merfolk impaler (Shoals:2)
  3 fire dragons
  A yaktaur captain (Vaults:1)
  Harold (Lair:1)
  8 hydras
  A vault guard (Vaults:1)
  A boulder beetle (D:14)
  3 centaur warriors
  3 ogre magi (Vaults:1)
  A merfolk aquamancer (Shoals:1)
  8 two-headed ogres
  6 death yaks
  A vampire mage (D:15)
  2 orc high priests (Orc:2)
  A deep elf knight (Vaults:1)
  A goliath frog (shapeshifter) (Vaults:1)
  2 sea snakes
  A skeletal warrior (D:15)
  An ironbrand convoker (Vaults:1)
  A necromancer (D:15)
  An orc knight (Vaults:1)
  A deep elf pyromancer (D:14)
  An orb spider (shapeshifter) (Vaults:1)
  14 orb spiders
  4 harpies (Shoals:2)
  3 cyclopes
  A frost giant zombie (D:15)
  An orc sorcerer (Orc:2)
  2 ugly things
  17 wolf spiders
  A moth of wrath (Spider:4)
  7 fauns
  6 merfolk sirens
  3 black mambas
  2 vault sentinels (Vaults:1)
  An elephant (Lair:2)
  A cane toad (Lair:1)
  A centaur skeleton (D:11)
  2 komodo dragons
  3 rime drakes
  A yaktaur (Vaults:1)
  3 demonic crawlers
  2 trolls
  12 merfolk
  A polar bear (Lair:6)
  11 jumping spiders
  3 wind drakes
  2 hornets (Spider:4)
  A snapping turtle (Shoals:3)
  8 slime creatures
  4 dream sheep
  40 redbacks
  3 water elementals (Shoals:1)
  A deep troll skeleton (D:15)
  14 tarantellas
  A wraith (Vaults:1)
  9 yaks
  3 fire elementals (D:15)
  A steam dragon (Lair:6)
  A warg (Vaults:1)
  2 acid dragons (Lair:6)
  2 hell hounds (D:15)
  3 water moccasins
  15 orc warriors
  2 sky beasts
  A black bear (D:10)
  A swamp drake (Lair:6)
  6 ogres
  2 wolves (Lair:1)
  8 centaurs
  A phantom (D:11)
  A kobold brigand (D:8)
  4 nameless horrors
  8 bullfrogs
  A gnoll sergeant (D:10)
  A wyvern zombie (D:12)
  A wyvern skeleton (D:10)
  A scorpion (D:9)
  A killer bee (D:10)
  2 hounds
  13 orc priests
  2 jellies (D:10)
  5 iguanas
  17 orc wizards
  4 hell rats (Lair:5)
  A worker ant (D:11)
  A killer bee zombie (D:8)
  A worker ant zombie (D:11)
  2 gnolls (D:10)
  An adder (D:11)
  26 orcs
  3 kobolds
390 creatures vanquished.

Vanquished Creatures (others)
  A two-headed ogre (D:11)
  Sonja (Lair:6)
  2 manticores
  A komodo dragon (Lair:6)
  A hornet (Spider:3)
  A redback (Spider:2)
  A yak (Lair:6)
  A kobold brigand (D:8)
  A killer bee (D:10)
  A hound zombie (D:10)
  A human simulacrum (D:10)
  A leopard gecko (D:8)
  2 kobolds (D:8)
  80 fungi
  160 plants
  14 starspawn tentacles (Abyss:2)
  16 withered plants
285 creatures vanquished.

Grand Total: 1502 creatures vanquished

Notes
Turn   | Place    | Note
-------+----------+-------------------------------------------
     0 | D:1      | dolemite99 the Gnoll Ice Elementalist began the quest for
                  | the Orb.
     0 | D:1      | Reached XP level 1. HP: 13/13 MP: 6/6
    44 | D:1      | Reached XP level 2. HP: 11/19 MP: 2/7
  1211 | D:1      | Reached skill level 5 in Spellcasting
  1211 | D:1      | Reached XP level 3. HP: 25/25 MP: 7/9
  1215 | D:1      | Learned a level 3 spell: Frozen Ramparts
  1445 | D:2      | Reached skill level 1 in Invocations
  1635 | D:2      | Reached skill level 1 in Fighting
  1635 | D:2      | Reached skill level 1 in Short Blades
  1635 | D:2      | Reached skill level 1 in Long Blades
  1635 | D:2      | Reached skill level 1 in Axes
  1635 | D:2      | Reached skill level 1 in Maces & Flails
  1635 | D:2      | Reached skill level 1 in Polearms
  1635 | D:2      | Reached skill level 1 in Staves
  1635 | D:2      | Reached skill level 1 in Slings
  1635 | D:2      | Reached skill level 1 in Bows
  1635 | D:2      | Reached skill level 1 in Crossbows
  1635 | D:2      | Reached skill level 1 in Throwing
  1635 | D:2      | Reached skill level 1 in Armour
  1635 | D:2      | Reached skill level 1 in Shields
  1635 | D:2      | Reached skill level 1 in Unarmed Combat
  1635 | D:2      | Reached skill level 1 in Evocations
  1707 | D:2      | Found a shimmering blue altar of Sif Muna.
  1711 | D:2      | Reached XP level 4. HP: 27/32 MP: 8/11
  1819 | D:2      | Became a worshipper of Sif Muna the Loreminder
  2166 | D:2      | Found an ornate altar of the Wu Jian Council.
  2477 | D:3      | Reached skill level 1 in Conjurations
  2477 | D:3      | Reached skill level 1 in Hexes
  2477 | D:3      | Reached skill level 1 in Summonings
  2477 | D:3      | Reached skill level 1 in Necromancy
  2477 | D:3      | Reached skill level 1 in Translocations
  2477 | D:3      | Reached skill level 1 in Transmutations
  2477 | D:3      | Reached skill level 1 in Fire Magic
  2477 | D:3      | Reached skill level 1 in Air Magic
  2477 | D:3      | Reached skill level 1 in Earth Magic
  2477 | D:3      | Reached skill level 1 in Poison Magic
  2482 | D:3      | Reached XP level 5. HP: 35/37 MP: 6/12
  3143 | D:3      | Reached XP level 6. HP: 44/44 MP: 9/13
  3444 | D:3      | Reached * piety under Sif Muna
  3797 | D:4      | Reached skill level 5 in Dodging
  4187 | D:4      | Reached XP level 7. HP: 46/50 MP: 11/15
  4281 | D:4      | Learned a level 4 spell: Summon Ice Beast
  4694 | D:4      | Reached ** piety under Sif Muna
  5264 | D:5      | Entered Level 5 of the Dungeon
  5436 | D:5      | Found Noreasei's Book Shop.
  5450 | D:5      | Reached skill level 5 in Stealth
  5549 | D:5      | Reached XP level 8. HP: 57/57 MP: 16/16
  5586 | D:5      | Got a glimmering mace
  5662 | D:5      | Noticed Prince Ribbit
  5794 | D:5      | Learned a level 3 spell: Ozocubu's Armour
  5809 | D:5      | Killed Prince Ribbit
  6813 | D:6      | Identified the +6 mace of Zekuw {vorpal, +Blink} (You found
                  | it on level 5 of the Dungeon)
  6863 | D:6      | Found a shimmering altar of Xom.
  7180 | D:6      | Reached XP level 9. HP: 60/65 MP: 12/18
  7181 | D:6      | Reached *** piety under Sif Muna
  7421 | D:6      | Found a broken altar of Ashenzari.
  7713 | D:6      | Found a stormy altar of Qazlal.
  7725 | D:6      | Found a shimmering altar of Xom.
  8357 | D:7      | Learned a level 3 spell: Mephitic Cloud
  8643 | D:7      | Found Fiolepol's Distillery.
  8643 | D:7      | Found a sparkling altar of Nemelex Xobeh.
  9024 | D:7      | Found a glowing silver altar of Zin.
  9921 | D:8      | Noticed Maggie
  9962 | D:8      | Killed Maggie
 10234 | D:8      | Found a radiant altar of Vehumet.
 10352 | D:8      | Reached skill level 5 in Invocations
 10620 | D:8      | Reached **** piety under Sif Muna
 10683 | D:8      | Learned a level 2 spell: Call Imp
 11090 | D:9      | Reached XP level 10. HP: 69/73 MP: 0/20
 11611 | D:5      | Bought a book of Callings for 420 gold pieces
 11617 | D:5      | Learned a level 4 spell: Summon Lightning Spire
 12142 | D:9      | Reached skill level 5 in Fighting
 12142 | D:9      | Reached skill level 5 in Short Blades
 12142 | D:9      | Reached skill level 5 in Long Blades
 12142 | D:9      | Reached skill level 5 in Axes
 12142 | D:9      | Reached skill level 5 in Maces & Flails
 12142 | D:9      | Reached skill level 5 in Polearms
 12142 | D:9      | Reached skill level 5 in Staves
 12142 | D:9      | Reached skill level 5 in Slings
 12142 | D:9      | Reached skill level 5 in Bows
 12142 | D:9      | Reached skill level 5 in Crossbows
 12142 | D:9      | Reached skill level 5 in Throwing
 12142 | D:9      | Reached skill level 5 in Armour
 12142 | D:9      | Reached skill level 5 in Shields
 12142 | D:9      | Reached skill level 5 in Unarmed Combat
 12142 | D:9      | Reached skill level 5 in Evocations
 12334 | D:9      | Noticed a cyclops
 12346 | D:9      | Killed a cyclops
 13171 | D:10     | Entered Level 10 of the Dungeon
 13178 | D:10     | Noticed a two-headed ogre
 13189 | D:10     | Killed a two-headed ogre
 14657 | D:10     | Killed an unseen horror
 14658 | D:10     | Reached XP level 11. HP: 46/81 MP: 6/22
 15454 | D:10     | Found a blossoming altar of Fedhas.
 15456 | D:10     | Noticed an oklob plant
 15456 | D:10     | Noticed an oklob plant
 15750 | D:11     | Learned a level 3 spell: Call Canine Familiar
 15782 | D:11     | Reached skill level 5 in Conjurations
 15782 | D:11     | Reached skill level 5 in Hexes
 15782 | D:11     | Reached skill level 5 in Summonings
 15782 | D:11     | Reached skill level 5 in Necromancy
 15782 | D:11     | Reached skill level 5 in Translocations
 15782 | D:11     | Reached skill level 5 in Transmutations
 15782 | D:11     | Reached skill level 5 in Fire Magic
 15782 | D:11     | Reached skill level 5 in Air Magic
 15782 | D:11     | Reached skill level 5 in Earth Magic
 15782 | D:11     | Reached skill level 5 in Poison Magic
 15782 | D:11     | Noticed Gastronok
 15805 | D:11     | Killed Gastronok
 16171 | D:11     | Noticed a green ugly thing
 16188 | D:11     | Killed a green ugly thing
 17206 | D:11     | Noticed a purple ugly thing
 17222 | D:11     | Killed a purple ugly thing
 17386 | D:11     | Noticed a two-headed ogre
 17398 | D:11     | Killed a two-headed ogre
 17413 | D:11     | Noticed a two-headed ogre
 17421 | D:11     | Killed a two-headed ogre
 17629 | D:11     | Found a staircase to the Lair.
 17630 | D:11     | Noticed a death yak
 17630 | D:11     | Noticed a death yak
 17633 | D:11     | Noticed a death yak
 17727 | D:10     | Killed a death yak
 18186 | D:11     | Noticed a cyclops
 18217 | D:11     | Killed a cyclops
 19169 | D:11     | Noticed a two-headed ogre
 19175 | D:11     | Noticed a yaktaur captain
 19189 | D:11     | Killed a two-headed ogre
 19196 | D:11     | Killed a yaktaur captain
 19197 | D:11     | Reached XP level 12. HP: 75/89 MP: 15/24
 19199 | D:11     | Killed a two-headed ogre
 19871 | D:7      | Bought a potion of might for 56 gold pieces
 19871 | D:7      | Bought a potion of curing for 42 gold pieces
 19997 | Lair:1   | Entered Level 1 of the Lair of Beasts
 20007 | Lair:1   | Learned a level 4 spell: Hailstorm
 20065 | Lair:1   | Reached ***** piety under Sif Muna
 20173 | Lair:1   | Noticed Urug
 20198 | Lair:1   | Killed Urug
 20688 | Lair:1   | Learned a level 3 spell: Conjure Flame
 20708 | Lair:1   | Noticed Harold
 20736 | Lair:1   | Killed Harold
 22291 | Lair:2   | Noticed a seven-headed hydra
 22298 | Lair:2   | Killed a seven-headed hydra
 22465 | Lair:2   | Noticed a five-headed hydra
 22478 | Lair:2   | Killed a five-headed hydra
 22631 | Lair:2   | Noticed a seven-headed hydra
 22867 | Lair:2   | Killed a seven-headed hydra
 23130 | Lair:2   | Noticed an eight-headed hydra
 23276 | Lair:2   | Killed an eight-headed hydra
 23469 | Lair:2   | Identified a scroll of acquirement
 23469 | Lair:2   | Acquired the Grimoire of Attacks and Lightness
 23478 | Lair:2   | Learned a level 3 spell: Stone Arrow
 23561 | Lair:2   | Noticed a catoblepas
 23796 | Lair:2   | Killed a catoblepas
 24741 | Lair:3   | Learned a level 2 spell: Blink
 25025 | Lair:3   | Noticed a boulder beetle
 25042 | Lair:3   | Killed a boulder beetle
 25043 | Lair:3   | Reached XP level 13. HP: 98/98 MP: 23/26
 25689 | Lair:3   | Found a hole to the Spider Nest.
 26310 | Lair:3   | Learned a level 2 spell: Slow
 27560 | Lair:4   | Reached skill level 10 in Ice Magic
 27918 | Lair:4   | Noticed Nessos
 27923 | Lair:4   | Killed Nessos
 28108 | Lair:4   | Found a staircase to the Shoals.
 28665 | Lair:4   | Learned a level 3 spell: Static Discharge
 28695 | Lair:5   | Identified Wamuegh's Tome of Battle Magic and the Volcanoes
                  | (Sif Muna gifted it to you on level 5 of the Lair of
                  | Beasts)
 28695 | Lair:5   | Received a gift from Sif Muna
 28709 | Lair:5   | Reached skill level 10 in Spellcasting
 28849 | Lair:5   | Learned a level 4 spell: Sticky Flame
 30037 | Lair:5   | Reached XP level 14. HP: 106/106 MP: 25/28
 30292 | Lair:5   | Reached skill level 10 in Dodging
 32076 | Lair:6   | Entered Level 6 of the Lair of Beasts
 32076 | Lair:6   | Found a staircase to the Slime Pits.
 32105 | Lair:6   | Reached skill level 10 in Stealth
 32109 | Lair:6   | Noticed Sonja
 32402 | Lair:6   | Your ally died
 32965 | Lair:6   | Reached skill level 10 in Invocations
 35062 | Lair:6   | Got a heavily runed scale mail
 35092 | Lair:6   | Identified the +0 scale mail of Terghoana {Dex+4} (You
                  | found it on level 6 of the Lair of Beasts)
 35328 | D:11     | Learned a level 2 spell: Poisonous Vapours
 35453 | D:12     | Learned a level 5 spell: Bolt of Magma
 35546 | D:12     | Found Irriof's General Store.
 36056 | D:12     | Found a staircase to the Orcish Mines.
 36326 | D:12     | Found a runed translucent gate.
 36326 | D:12     | Found a runed translucent gate.
 36326 | D:12     | Found a runed translucent gate.
 36327 | D:12     | Noticed foci's ghost (journeyman GrFi)
 36626 | Orc:1    | Entered Level 1 of the Orcish Mines
 36829 | D:5      | Learned a level 4 spell: Airstrike
 37638 | Orc:1    | Found a burning altar of Makhleb.
 37799 | Orc:2    | Entered Level 2 of the Orcish Mines
 38259 | Orc:2    | Found a staircase to the Elven Halls.
 38267 | Orc:2    | Identified Sif Muna's Volume of Malediction (Sif Muna
                  | gifted it to you on level 2 of the Orcish Mines)
 38267 | Orc:2    | Received a gift from Sif Muna
 38934 | Orc:2    | Noticed an orc warlord
 38986 | Orc:2    | Killed an orc warlord
 40613 | Orc:2    | Found Gucu's Antique Armour Shoppe.
 40613 | Orc:2    | Found Asiog's Antique Armour Emporium.
 40614 | Orc:2    | Found Pass's General Store.
 40617 | Orc:2    | Found Laonedd's Assorted Antiques.
 40655 | Orc:2    | Bought a scroll of amnesia for 38 gold pieces
 40882 | D:5      | Bought a book of Flames for 490 gold pieces
 40886 | D:5      | Learned a level 3 spell: Inner Flame
 41077 | D:13     | Reached XP level 15. HP: 115/115 MP: 23/29
 41937 | D:13     | Found a gate to the Vaults.
 42003 | D:13     | Learned a level 1 spell: Animate Skeleton
 42316 | D:13     | Identified Sif Muna's Volume of Feathery Cold (Sif Muna
                  | gifted it to you on level 13 of the Dungeon)
 42316 | D:13     | Received a gift from Sif Muna
 43046 | D:13     | Reached skill level 10 in Fighting
 43046 | D:13     | Reached skill level 10 in Short Blades
 43046 | D:13     | Reached skill level 10 in Long Blades
 43046 | D:13     | Reached skill level 10 in Axes
 43046 | D:13     | Reached skill level 10 in Maces & Flails
 43046 | D:13     | Reached skill level 10 in Polearms
 43046 | D:13     | Reached skill level 10 in Staves
 43046 | D:13     | Reached skill level 10 in Slings
 43046 | D:13     | Reached skill level 10 in Bows
 43046 | D:13     | Reached skill level 10 in Crossbows
 43046 | D:13     | Reached skill level 10 in Throwing
 43046 | D:13     | Reached skill level 10 in Armour
 43046 | D:13     | Reached skill level 10 in Shields
 43046 | D:13     | Reached skill level 10 in Unarmed Combat
 43046 | D:13     | Reached skill level 10 in Evocations
 43046 | D:13     | Reached XP level 16. HP: 122/122 MP: 31/31
 43354 | D:13     | Upgraded the game from 0.27-a0-401-gea03ee85fd to
                  | 0.27-a0-406-g23f261fbd2
 44151 | D:14     | Found Vytatees's Distillery.
 44167 | D:14     | Learned a level 6 spell: Freezing Cloud
 44179 | D:14     | Learned a level 5 spell: Fireball
 45058 | D:15     | Entered Level 15 of the Dungeon
 45969 | D:15     | Found a staircase to the Depths.
 46917 | D:15     | Noticed Azrael
 47454 | D:15     | Killed Azrael
 48310 | Lair:6   | Learned a level 2 spell: Poisonous Vapours
 48604 | Orc:2    | Bought a bloodstained leather armour for 189 gold pieces
 48604 | Orc:2    | Identified the +2 leather armour of the Wumpus {SInv} (You
                  | bought it in a shop on level 2 of the Orcish Mines)
 48607 | Orc:2    | Bought an obsidian-studded leather armour for 168 gold
                  | pieces
 48607 | Orc:2    | Identified the +1 leather armour of Free Will {rPois} (You
                  | bought it in a shop on level 2 of the Orcish Mines)
 48830 | Spider:1 | Entered Level 1 of the Spider Nest
 54148 | Spider:2 | Reached XP level 17. HP: 129/129 MP: 32/32
 54628 | Spider:2 | Identified Sif Muna's Tome of Companions (Sif Muna gifted
                  | it to you on level 2 of the Spider Nest)
 54628 | Spider:2 | Received a gift from Sif Muna
 54674 | Spider:2 | Learned a level 5 spell: Summon Mana Viper
 57343 | D:12     | Bought a potion of magic for 120 gold pieces
 57343 | D:12     | Bought a wand of mindburst (16) for 300 gold pieces
 57343 | D:12     | Bought a scroll of teleportation for 45 gold pieces
 57343 | D:12     | Bought a scroll of magic mapping for 52 gold pieces
 57343 | D:12     | Bought 16 bolts for 48 gold pieces
 57404 | D:14     | Bought a potion of curing for 57 gold pieces
 57404 | D:14     | Bought a potion of might for 76 gold pieces
 57549 | D:7      | Bought a potion of curing for 42 gold pieces
 58267 | Spider:3 | Found a runed translucent gate.
 58267 | Spider:3 | Found a runed translucent gate.
 58267 | Spider:3 | Found a runed translucent gate.
 58272 | Spider:3 | Noticed Zonian's ghost (adept DsIE)
 58272 | Spider:3 | Noticed Plog's ghost (adept MiBe)
 58739 | Spider:4 | Entered Level 4 of the Spider Nest
 59381 | Shoals:1 | Entered Level 1 of the Shoals
 59493 | Shoals:1 | Identified the Tome of the Feathery Mountains
 61339 | Shoals:2 | Learned a level 4 spell: Cause Fear
 61545 | Shoals:2 | Found a transporter.
 61556 | Shoals:2 | Acquired a scarf of repulsion
 61610 | Shoals:2 | Found a transporter.
 61776 | Shoals:2 | Noticed Ilsuiw
 62168 | Shoals:2 | Killed Ilsuiw
 63752 | Shoals:3 | Noticed Polyphemus
 64001 | Shoals:3 | Killed Polyphemus
 64628 | Shoals:3 | Received a gift from Sif Muna
 64815 | Shoals:3 | Reached XP level 18. HP: 126/138 MP: 18/34
 68723 | Spider:3 | Reached skill level 10 in Conjurations
 68723 | Spider:3 | Reached skill level 10 in Hexes
 68723 | Spider:3 | Reached skill level 10 in Summonings
 68723 | Spider:3 | Reached skill level 10 in Necromancy
 68723 | Spider:3 | Reached skill level 10 in Translocations
 68723 | Spider:3 | Reached skill level 10 in Transmutations
 68723 | Spider:3 | Reached skill level 10 in Fire Magic
 68723 | Spider:3 | Reached skill level 10 in Air Magic
 68723 | Spider:3 | Reached skill level 10 in Earth Magic
 68723 | Spider:3 | Reached skill level 10 in Poison Magic
 69727 | Spider:4 | Received a gift from Sif Muna
 69813 | Spider:4 | Noticed Arachne
 69826 | Spider:4 | Killed Arachne
 72942 | Spider:4 | Got a gossamer rune of Zot
 73272 | Shoals:2 | Identified the +4 scale mail "Ofom" {rPois rC+ Stlth-} (You
                  | found it on level 2 of the Shoals)
 73948 | Vaults:1 | Entered Level 1 of the Vaults
 74139 | D:14     | Bought a potion of invisibility for 152 gold pieces
 74139 | D:14     | Bought a potion of brilliance for 76 gold pieces
 74263 | Orc:2    | Bought a scroll of fog for 22 gold pieces
 74263 | Orc:2    | Bought a scroll of fear for 38 gold pieces
 74267 | Orc:2    | Bought a runed leather armour for 135 gold pieces
 75405 | Vaults:1 | Noticed Asterion
 75426 | Vaults:1 | Killed Asterion
 76306 | Vaults:1 | Noticed a tentacled monstrosity
 76322 | Vaults:1 | Killed a tentacled monstrosity
 76394 | Vaults:1 | Reached XP level 19. HP: 119/146 MP: 12/36
 77612 | Vaults:1 | Found Estruampy's Magic Scroll Shoppe.
 77706 | Vaults:1 | Bought a scroll of summoning for 171 gold pieces
 77706 | Vaults:1 | Bought a scroll of fog for 36 gold pieces
 77706 | Vaults:1 | Bought a scroll of fog for 36 gold pieces
 77706 | Vaults:1 | Bought a scroll of fog for 36 gold pieces
 77706 | Vaults:1 | Bought a scroll of teleportation for 54 gold pieces
 77706 | Vaults:1 | Bought a scroll of teleportation for 54 gold pieces
 79305 | Vaults:1 | Glimpsed the power of Zot.
 79331 | Vaults:1 | Cast into level 2 of the Abyss (a deep elf sorcerer)
 79360 | Abyss:2  | Noticed a bone dragon
 79443 | Abyss:2  | Gained mutation: [You are clumsy. (Dex -2)] [a neqoxec]
 79445 | Abyss:2  | Gained mutation: [Scrolls take you a little longer to
                  | read.] [a neqoxec]
 79449 | Abyss:2  | Gained mutation: Your spells are a little harder to cast,
                  | but a little more powerful. [a neqoxec]
 79550 | Abyss:2  | Found a sacrificial altar of Ru.
 79568 | Abyss:2  | Mangled by an Executioner

Illustrated notes

Levels and vault maps discovered:
D:1:      roderic_chinese_lattice_arrival, layout_loops_ring,
          chequers_serial_rivers_micro_d
D:2:      layout_loops_ring, pdpol_wu_jian_five_deadly_venoms, led_sif_pool
D:3:      layout_loops_ring
D:4:      corexii_shantytown, layout_basic, minmay_temple_entry_butterflies,
          uniq_edmund
D:5:      cheibrodos_two_vegetables, layout_rooms, serial_shops, shop,
          uniq_prince_ribbit1
D:6:      layout_rooms, evilmike_ruin_ashenzari,
          amethyst_overflow_temple_binary, basic_altar
D:7:      layout_loops_cross, nicolae_overflow_hidden_temple,
          lemuel_crystal_altar, serial_shops, shop, uniq_crazy_yiuf_cottage
D:8:      layout_basic, fiery_altar_vehumet, uniq_maggie
D:9:      layout_gridville, serial_co_window_serial, co_window_cross_1,
          co_window_corner_a, co_window_of_opportunity_a, co_window_corner_a,
          co_window_of_opportunity_a, co_window_paths_a,
          co_window_of_opportunity_a, co_window_corner_a, co_window_paths_b,
          co_window_unsneaky_path_c, co_window_2corner, co_window_2corner,
          co_window_corner_b, kb_rosetta
D:10:     layout_layer_cave, hangedman_tree_tricks, bh_circular_ruins
D:11:     nzn_winding_woodlands_medium [nzn_winding_woodlands_hourglass,
          nzn_winding_woodlands_5x15_split_checker,
          nzn_winding_woodlands_5x5_three,
          nzn_winding_woodlands_5x5_closed_star,
          nzn_winding_woodlands_center_pierced_h,
          nzn_winding_woodlands_5x5_open_star,
          nzn_winding_woodlands_5x5_default, nzn_winding_woodlands_5x15_zeroes,
          nzn_winding_woodlands_5x5_default], layout_basic, dpeg_lair_monsters,
          st_stairs_1, kennysheep_generic_room_2, uniq_gastronok
D:12:     layout_roguey, orc_0_dummy, serial_shops, shop,
          gammafunk_ghost_spectres
D:13:     layout_loops_ring, david_vaults_1
D:14:     layout_loops_cross, serial_shops, shop, roderic_serpentine_path
D:15:     gammafunk_depths_entry_grave, layout_grid_maze, nrook_mini_backslash,
          uniq_azrael
Lair:1:   layout_loops_ring, chequers_serial_rivers_large_a, uniq_urug,
          uniq_harold
Lair:2:   layout_long_grid, hangedman_lair_generics_rect
Lair:3:   layout_roguey, nicolae_spider_entry_orb_guardian
Lair:4:   layout_loops_ring, minmay_shoals_entry_centaurs, nzn_random_ring,
          grunt_megastairs_5, lemuel_fruit_tree, uniq_nessos
Lair:5:   layout_regular_city, gauntlet_entry_generic, grunt_megastairs_2
Lair:6:   guppyfry_lair_end_dragon, layout_gridlike, slime_dummy, uniq_sonja
Shoals:1: layout_shoals
Shoals:2: gammafunk_sealed_arena, layout_shoals, uniq_ilsuiw
Shoals:3: layout_shoals, uniq_polyphemus
Spider:1: layout_chambers, hangedman_spider_tarantella_strand
Spider:2: cheibrodos_spider_silkery, portal_ice_cave_entry_pillars_four,
          drop_trap
Spider:3: layout_spider_delve, gammafunk_ghost_cemetery
Spider:4: johnstein_spider_rune_arachne_lair, drop_trap
Orc:1:    layout_caves, basic_altar
Orc:2:    st_orc_mages, layout_diamond_mine
Vaults:1: v_misc_13, hangedman_vaults_snaps, ontoclasm_vaults_gateway,
          vaults_mumra_minichess_inversion,
          nicolae_vaults_good_morning_starshine,
          vaults_room_grunt_arrival_checkpoint,
          nicolae_vaults_diagonal_hallway_9, nicolae_vaults_little_squares_2,
          ontoclasm_vaults_hangar, nicolae_vaults_hallways_thing,
          grunt_vaults_diagonal, v_misc_2, layout_vaults_omnibox, serial_shops,
          shop, uniq_asterion
Vaults:2: ebering_vaults_ghost_reflecting_pool, nicolae_vaults_ninety_degrees,
          vaults_standard_mumra_lines, hangedman_vaults_stream,
          vaults_mumra_lcd, vaults_standard_mumra_x, vaults_dpeg_encased_lava,
          nicolae_vaults_specimen_jars, layout_vaults_quadrants, uniq_margery
Abyss:2:  base: Orc:1, gammafunk_corrupted_shrine

Skill      XL: |  1  2  3  4  5  6  7  8  9 10 11 12 13 14 15 16 17 18 19 |
---------------+----------------------------------------------------------+-----
Spellcasting   | 5 6 7 8 9 10 11 12 13 | 13.2
Invocations    | 1 2 3 4 5 6 7 8 9 10 11 12 13 | 13.3
Fighting       | 1 2 3 4 5 6 7 8 9 10 11 12 | 12.3
Short Blades   | 1 2 3 4 5 6 7 8 9 10 11 12 | 12.3
Long Blades    | 1 2 3 4 5 6 7 8 9 10 11 12 | 12.6
Axes           | 1 2 3 4 5 6 7 8 9 10 11 12 | 12.3
Maces & Flails | 1 2 3 4 5 6 7 8 9 10 11 12 | 12.3
Polearms       | 1 2 3 4 5 6 7 8 9 10 11 12 | 12.3
Staves         | 1 2 3 4 5 6 7 8 9 10 11 12 | 12.3
Slings         | 1 2 3 4 5 6 7 8 9 10 11 12 | 12.3
Bows           | 1 2 3 4 5 6 7 8 9 10 11 12 | 12.3
Crossbows      | 1 2 3 4 5 6 7 8 9 10 11 12 | 12.3
Throwing       | 1 2 3 4 5 6 7 8 9 10 11 12 | 12.3
Armour         | 1 2 3 4 5 6 7 8 9 10 11 12 | 12.3
Shields        | 1 2 3 4 5 6 7 8 9 10 11 12 | 12.3
Unarmed Combat | 1 2 3 4 5 6 7 8 9 10 11 12 | 12.3
Evocations     | 1 2 3 4 5 6 7 8 9 10 11 12 | 12.3
Conjurations   | 1 2 3 4 5 6 7 8 9 10 | 10.6
Hexes          | 1 2 3 4 5 6 7 8 9 10 | 10.6
Summonings     | 1 2 3 4 5 6 7 8 9 10 | 10.6
Necromancy     | 1 2 3 4 5 6 7 8 9 10 | 10.6
Translocations | 1 2 3 4 5 6 7 8 9 10 | 10.6
Transmutations | 1 2 3 4 5 6 7 8 9 10 | 10.6
Fire Magic     | 1 2 3 4 5 6 7 8 9 10 | 10.6
Air Magic      | 1 2 3 4 5 6 7 8 9 10 | 10.6
Earth Magic    | 1 2 3 4 5 6 7 8 9 10 | 10.6
Poison Magic   | 1 2 3 4 5 6 7 8 9 10 | 10.6
Dodging        | 5 6 7 8 9 10 11 12 13 | 13.0
Stealth        | 5 6 7 8 9 10 11 12 | 12.9
Ice Magic      | 8 9 10 11 12 | 12.4

Action                   |  1- 3 |  4- 6 |  7- 9 | 10-12 | 13-15 | 16-18 | 19-21 || total
-------------------------+-------+-------+-------+-------+-------+-------+-------++-------
Melee: Dagger            |    34 |    69 |   262 |   342 |   255 |    97 |       ||  1059
       Club              |     1 |       |       |       |       |       |       ||     1
       Bite              |       |     5 |    10 |    29 |    28 |    37 |     2 ||   111
       Punch             |       |     1 |     4 |       |       |       |       ||     5
       Staff             |       |       |       |       |   106 |   189 |    32 ||   327
       War axe           |       |       |       |       |       |   117 |       ||   117
       Trident           |       |       |       |       |       |    25 |       ||    25
       Rapier            |       |       |       |       |       |   118 |       ||   118
       Mace              |       |       |       |       |       |     6 |       ||     6
       Demon trident     |       |       |       |       |       |     3 |       ||     3
Throw: Dart              |       |       |     7 |    51 |   288 |    49 |       ||   395
       Javelin           |       |       |       |     3 |    33 |    13 |    23 ||    72
       Throwing net      |       |       |       |     1 |       |       |       ||     1
       Stone             |       |       |       |       |    25 |       |       ||    25
       Boomerang         |       |       |       |       |    15 |       |       ||    15
 Cast: Freeze            |    29 |    53 |   110 |     4 |       |       |       ||   196
       Frozen Ramparts   |       |     4 |    17 |    36 |    33 |       |       ||    90
       Ozocubu's Armour  |       |       |    14 |     5 |     6 |       |       ||    25
       Summon Ice Beast  |       |       |     4 |    72 |    39 |    60 |       ||   175
       Call Imp          |       |       |    10 |     4 |       |       |       ||    14
       Mephitic Cloud    |       |       |     1 |     3 |    27 |    69 |    11 ||   111
       Summon Lightning  |       |       |       |    18 |    90 |   141 |    17 ||   266
       Call Canine Famil |       |       |       |    10 |       |       |       ||    10
       Stone Arrow       |       |       |       |    28 |    10 |       |       ||    38
       Hailstorm         |       |       |       |     2 |       |       |       ||     2
       Static Discharge  |       |       |       |       |    18 |       |       ||    18
       Slow              |       |       |       |       |    13 |       |       ||    13
       Blink             |       |       |       |       |    18 |    40 |    13 ||    71
       Sticky Flame      |       |       |       |       |    63 |   227 |    14 ||   304
       Airstrike         |       |       |       |       |    12 |       |       ||    12
       Poisonous Vapours |       |       |       |       |     6 |    45 |       ||    51
       Bolt of Magma     |       |       |       |       |     8 |    22 |    10 ||    40
       Inner Flame       |       |       |       |       |     7 |       |       ||     7
       Animate Skeleton  |       |       |       |       |     1 |    61 |    16 ||    78
       Freezing Cloud    |       |       |       |       |       |    10 |       ||    10
       Summon Mana Viper |       |       |       |       |       |   148 |    25 ||   173
       Fireball          |       |       |       |       |       |    10 |       ||    10
       Cause Fear        |       |       |       |       |       |     2 |       ||     2
Invok: Forget Spell      |       |       |       |     1 |     2 |     3 |       ||     6
       Channel Magic     |       |       |       |     1 |     2 |    22 |     2 ||    27
Evoke: Wand              |       |       |       |     2 |    29 |   132 |     3 ||   166
       Lightning rod     |       |       |       |       |       |    16 |     2 ||    18
       Phial of floods   |       |       |       |       |       |       |     1 ||     1
  Use: Scroll            |       |     3 |    11 |    16 |    14 |    31 |     2 ||    77
       Potion            |       |       |     5 |     5 |     3 |    23 |     7 ||    43
 Stab: Sleeping          |     6 |       |     9 |     6 |       |    13 |       ||    34
       Distracted        |       |     1 |     2 |     2 |     5 |     5 |     1 ||    16
       Paralysed         |       |       |       |       |     3 |       |       ||     3
       Confused          |       |       |       |       |     3 |    11 |       ||    14
Armor: Robe              |     8 |     7 |       |       |       |       |       ||    15
       Leather armour    |       |    28 |    99 |       |       |   299 |       ||   426
       Skin              |       |       |    40 |    74 |       |       |       ||   114
       Acid dragon scale |       |       |    36 |   161 |   136 |   139 |    19 ||   491
Dodge: Dodged            |    31 |    74 |   240 |   204 |   184 |   777 |    50 ||  1560
       Repelled          |       |       |       |       |       |     2 |       ||     2
Block: Buckler           |       |       |       |    92 |   206 |   592 |    37 ||   927
       Reflection        |       |       |       |       |    16 |    25 |       ||    41

Table legend: (Time is in decaauts)
 A = Elapsed time spent in this place.
 B = Non-inter-level travel time spent in this place.
 C = Inter-level travel time spent in this place.
 D = Time resting spent in this place.
 E = Time spent auto-exploring this place.
 F = Levels seen in this place.
 G = Mean time per level.
                   A        B        C        D        E       F      G
               +--------+--------+--------+--------+--------+-----+--------+
         Total |  79300 |  73373 |   5927 |  41046 |  19796 |  33 | 2403.0 |
       Dungeon |  30242 |  27244 |   2998 |  12977 |   9237 |  15 | 2016.1 |
          Lair |  16615 |  15005 |   1610 |   8358 |   4562 |   6 | 2769.2 |
        Shoals |   6304 |   5870 |    434 |   2998 |   1488 |   3 | 2101.3 |
   Spider Nest |  17335 |  16834 |    501 |  12127 |   2467 |   4 | 4333.8 |
  Orcish Mines |   3549 |   3218 |    331 |   1396 |    992 |   2 | 1774.5 |
        Vaults |   5025 |   4974 |     51 |   3164 |   1049 |   2 | 2512.5 |
         Abyss |    227 |    227 |      0 |     23 |      0 |   1 |  227.0 |
               +--------+--------+--------+--------+--------+-----+--------+

Top non-repeatable levels by time:
Spider:3: 5541 daAuts
Vaults:1: 5023 daAuts
Spider:1: 4343 daAuts
    D:11: 4063 daAuts
Spider:2: 4017 daAuts
Spider:4: 3432 daAuts
  Lair:5: 3318 daAuts
  Lair:6: 3117 daAuts
    D:15: 2987 daAuts
     D:9: 2863 daAuts
   Orc:2: 2739 daAuts
  Lair:4: 2692 daAuts
  Lair:3: 2605 daAuts
  Lair:1: 2596 daAuts
    D:10: 2449 daAuts
